 Dungeon Crawl Stone Soup version 0.25.1-2-g60ff931df9 (webtiles) character file.

Game seed: 4562579555861546998

123 Almogavar the Poker (level 5, -6/39 HPs)
             Began as a Merfolk Gladiator on Sept 22, 2020.
             Was an Initiate of Okawaru.
             Killed by nerve-wracking pain
             ... invoked by Grinder
              (13 damage)
             ... on level 3 of the Dungeon.
             The game lasted 00:09:12 (2043 turns).

Almogavar the Poker (Merfolk Gladiator)             Turns: 2043, Time: 00:09:12

Health: -6/39      AC:  5    Str: 12 (14) XL:     5   Next: 7%
Magic:  14/14      EV: 13    Int:  4 (6)  God:    Okawaru [......]
Gold:   58         SH:  0    Dex: 13 (16) Spells: 4/4 levels left

rFire    . . .     SeeInvis .   a - +0 trident
rCold    . . .     Gourm    .   (no shield)
rNeg     . . .     Faith    .   b - +0 leather armour
rPois    .         Spirit   .   c - +0 helmet
rElec    .         Reflect  .   k - +0 cloak
rCorr    .         Harm     .   (no gloves)
MR       .....                  (no boots)
Stlth    ++........             (no amulet)
HPRegen  0.13/turn              n - ring of magical power
MPRegen  0.14/turn              (no ring)

@: mighty, hasted, very quick
A: change form in water, swift swim, stealthy swim, dopey 1, wild magic 1,
evolution 1
a: Renounce Religion


You were on level 3 of the Dungeon.
You worshipped Okawaru.
Okawaru was noncommittal.
You were not hungry.

You visited 1 branch of the dungeon, and saw 3 of its levels.

You collected 58 gold pieces.

Inventory:

Hand Weapons
 a - a +0 trident (weapon)
 l - a +1 vorpal hunting sling
 r - a +1 hunting sling of flaming
Missiles
 d - 3 throwing nets (quivered)
 m - 2 javelins
Armour
 b - a +0 leather armour (worn)
 c - a +0 helmet (worn)
 i - a +0 scale mail
 k - a +0 cloak (worn)
Jewellery
 n - a ring of magical power (left hand)
Scrolls
 p - a scroll of blinking {unknown}
Potions
 o - a potion of mutation
Comestibles
 f - 4 rations
 j - 12 chunks of flesh


   Skills:
 + Level 2.7 Fighting
 + Level 6.0 Polearms
 + Level 2.1 Throwing
 + Level 1.4 Armour
 + Level 4.5 Dodging
 + Level 1.6 Stealth


You had 4 spell levels left.
You didn't know any spells.
Your spell library was empty.

Dungeon Overview and Level Annotations

Branches:
Dungeon (3/15)

Altars:
Hepliaklqana
Okawaru
Qazlal

Annotations:
D:3 Grinder


Innate Abilities, Weirdness & Mutations

You revert to your normal form in water.
You are very nimble and swift while swimming.
You are very stealthy in the water. (Stealth+)
You are dopey. (Int -2)
Your spells are a little harder to cast, but a little more powerful.
You evolve.


Message History

You feel nature experimenting on you.
Don't worry, failures die fast.
Grinder completely misses you.
You barely miss Grinder.
Grinder is lightly wounded.
Grinder hits you.
* * * LOW HITPOINT WARNING * * *
It was a potion of degeneration.
There was something very wrong with that liquid.
You feel weakened.
You feel dopey.
You feel clumsy. Grinder hits you but does no damage.
It was a potion of haste.
You feel yourself speed up. Grinder hits you but does no damage.
You puncture Grinder!
Grinder is lightly wounded.
Grinder blinks!
You feel a genetic drift.
You now have 58 gold pieces (gained 9).
Grinder gestures at you. Pain shoots through your body!
You die...

#.# ####.(##
#.# #....<((
###.# #.######
##.#.#######.#
###
#.#5....5.†..#
##..
#.#.#########
#..# #.#.#
#... #.#.#
#.## #@#.#
#.## #.#.#
#.#. #.#.#
#.#. #.#.#
#... #.#.#
#.#. ..# ..###
### ### #. #.#
#.


You could see Grinder.

Vanquished Creatures
  2 gnolls (D:3)
  4 adders
  2 worms (D:2)
  A dart slug (D:1)
  2 leopard geckos (D:1)
  An orc (D:3)
  6 bats
  2 giant cockroaches (D:2)
  6 goblins
  9 hobgoblins
  2 jackals (D:2)
  5 frilled lizards
  9 kobolds
  A leopard gecko skeleton (D:2)
  7 rats
59 creatures vanquished.

Notes
Turn   | Place    | Note
-------+----------+-------------------------------------------
     0 | D:1      | Almogavar the Merfolk Gladiator began the quest for the
                  | Orb.
     0 | D:1      | Reached XP level 1. HP: 16/16 MP: 1/1
   118 | D:1      | Reached XP level 2. HP: 22/22 MP: 2/2
   708 | D:1      | Reached XP level 3. HP: 28/28 MP: 3/3
   709 | D:1      | Reached skill level 5 in Polearms
  1066 | D:2      | Reached skill level 1 in Stealth
  1193 | D:2      | Reached skill level 1 in Armour
  1193 | D:2      | Reached XP level 4. HP: 34/34 MP: 4/4
  1347 | D:2      | Found a stormy altar of Qazlal.
  1387 | D:2      | Found a hazy altar of Hepliaklqana.
  1964 | D:3      | Reached skill level 6 in Polearms
  1964 | D:3      | Reached XP level 5. HP: 39/39 MP: 5/5
  1975 | D:3      | Found an iron altar of Okawaru.
  1983 | D:3      | Became a worshipper of Warmaster Okawaru
  2023 | D:3      | Noticed Grinder
  2025 | D:3      | Paralysed by Grinder for 2 turns
  2030 | D:3      | Gained mutation: Your spells are a little harder to cast,
                  | but a little more powerful. [potion of mutation]
  2030 | D:3      | Gained mutation: You are dopey. (Int -2) [potion of
                  | mutation]
  2030 | D:3      | Gained mutation: You evolve. [potion of mutation]
  2043 | D:3      | Killed from afar by Grinder

Illustrated notes

Levels and vault maps discovered:
D:1:      dpeg_arrival_morbid_curiosity, layout_loops_ring, serial_forest,
          infiniplex_forest_clump_tiny, infiniplex_forest_end_2,
          infiniplex_forest_3_way, infiniplex_forest_join,
          infiniplex_forest_straight_4, minmay_misc_feat_room, minmay_tall_x
D:2:      layout_loops_ring, lemuel_crystal_altar, overflow_temple_1_default,
          minmay_3d_cube
D:3:      layout_loops_ring, fedhas_altar_1, grunt_ministairs_4,
          okawaru_altar_gauntlet_db, uniq_grinder

Skill      XL: |  1  2  3  4 |
---------------+-------------+-----
Polearms       | 5 6 |  6.0
Stealth        | 1 |  1.6
Armour         | 1 |  1.4
Fighting       | |  2.7
Throwing       | |  2.1
Dodging        | |  4.5

Action                   |  1- 3 |  4- 6 || total
-------------------------+-------+-------++-------
Melee: Trident           |    96 |    91 ||   187
  Use: Scroll            |       |     2 ||     2
       Potion            |       |     4 ||     4
 Stab: Sleeping          |     4 |     2 ||     6
       Distracted        |     1 |     1 ||     2
  Eat: Chunk             |     1 |     3 ||     4
Armor: Leather armour    |     9 |    20 ||    29
Dodge: Dodged            |    54 |    38 ||    92
